 Dungeon Crawl Stone Soup version 0.31-a0-549-gf98fd537a9 (webtiles) character file.

Game seed: 11505511926868808374

1732 Morbidden the Sneak (level 9, 0/42 (45) HPs)
             Began as a Vine Stalker Brigand on Aug 16, 2023.
             Slain by a wight
             ... wielding a +0 flail
              (3 damage)
             ... on level 5 of the Dungeon.
             The game lasted 00:06:13 (3537 turns).

Morbidden the Sneak (Vine Stalker Brigand)          Turns: 3537, Time: 00:06:13

HP:   0/42 (45)     AC:  2    Str: 15    XL:     9   Next: 5%
MP:   0/15          EV: 12    Int: 15    God:
Gold: 292           SH:  2    Dex: 15    Spells: 15/15 levels left

rFire   . . .        b - +0 short sword (drain)
rCold   . . .        C - -2 buckler
rNeg    . . .        t - +0 robe
rPois   .            (helmet currently unavailable)
rElec   .            c - melded +0 cloak
rCorr   .            (gloves currently unavailable)
SInv    .            (boots currently unavailable)
Will    +....        (no amulet)
Stlth   +++          g - ring of flight
HPRegen 1.07/turn    (no ring)
MPRegen 0.14/turn

%: guardian spirit
@: beast-form, flying, drained
A: beast (slay +2), fangs 3, regeneration 1, magic shield, antimagic bite, no
potion heal 2
a: Begin Untransformation


You were on level 5 of the Dungeon.
You were a hulking beast.
You visited 1 branch of the dungeon, and saw 6 of its levels.

You collected 292 gold pieces.

Inventory:

Hand Weapons
 a - a +2 dagger
 b - a +0 short sword of draining (weapon)
 w - a +0 scimitar
Missiles
 d - 10 poisoned darts (quivered)
 e - 3 curare-tipped darts
 p - 2 javelins
 x - 3 boomerangs
Armour
 c - a +0 cloak (melded)
 t - a +0 robe (worn)
 C - a -2 buckler (worn)
Jewellery
 g - a ring of flight (left hand)
 r - a ring of magical power
Talismans
 k - a beast talisman (active)
 z - a storm talisman
Wands
 E - a wand of flame (21)
Scrolls
 f - a scroll of blinking {unknown}
 j - 2 scrolls of fog {unknown}
 l - a scroll of enchant weapon {unknown}
 m - 2 scrolls of vulnerability {unknown}
 n - 2 scrolls of fear {unknown}
 o - 3 scrolls of teleportation {unknown}
 u - 2 scrolls of identify {unknown}
 v - a scroll of immolation {unknown}
 y - a scroll of acquirement {unknown}
 B - 2 scrolls of amnesia {unknown}
Potions
 h - a potion of invisibility {unknown}
 i - a potion of heal wounds
 q - 3 potions of lignification {unknown}
 s - a potion of curing {unknown}
 A - a potion of might
 D - a potion of degeneration {unknown}
 F - a potion of haste {unknown}


   Skills:
 * Level 4.1 Fighting
 + Level 3.6(4.2) Short Blades
 * Level 3.3(4.1) Long Blades
 + Level 2.9 Throwing
 * Level 2.8 Armour
 * Level 3.3 Dodging
 + Level 6.5 Stealth
 * Level 3.6 Spellcasting
 * Level 3.0 Shapeshifting


You had 15 spell levels left.
You didn't know any spells.
Your spell library contained the following spells:

 Spells                   Type           Power      Damage    Failure   Level
 Kiss of Death            Conj/Necr      8%         2d6       26%         1
 Necrotise                Necr           8%         1d4       26%         1
 Haunt                    Necr/Summ      1%         N/A       100%        7


Dungeon Overview and Level Annotations

Branches:
Dungeon (6/15)
 Temple: D:4-7

Altars:
Elyvilon
Okawaru
Zin

Shops:
D:2 *   D:3 !   D:5 [

Annotations:
D:6 Eustachio


Innate Abilities, Weirdness & Mutations

You are a hulking beast.
Your limbs bulge with bestial killing power. (Slay +2)
You have razor-sharp teeth.
Your natural rate of healing is unusually fast.
When hurt, damage is shared between your health and your magic reserves.
Your bite disrupts and absorbs the magic of your enemies.
Potions cannot restore your health.


Message History

Eustachio blinks!
Unknown command.
Unknown command.
The orc wizard casts a spell at you. The puff of flame hits you!
There is a stone staircase leading up here.
The bullfrog is engulfed in a cloud of scalding steam.
The wight hits you with a +0 flail!
You fly upwards.
There is a stone staircase leading down here.
Unknown command.
Unknown command.
Unknown command.
You don't know any spells.
Unknown command.
The wight hits you with a +0 flail!
* * * LOW HITPOINT WARNING * * *
You feel drained.
* * * LOW HITPOINT WARNING * * *
Unknown command.
Unknown command.
Unknown command.
Aiming: Throw Flame
Press: ? - help, Shift-Dir - straight line, f - wight
Aim: a wight, wielding a +0 flail and wearing a +0 robe (68% to hit)
The puff of flame hits the wight.
The wight is moderately damaged.
The wight barely misses you.
Unknown command.
Okay, then.
Unknown command.
You hit the wight but do no damage. You bite the wight. You drain its power.
You feel invigorated.
The wight is moderately damaged.
You hit the wight.
The wight is moderately damaged.
The wight hits you with a +0 flail!
* * * LOW HITPOINT WARNING * * *
You feel drained.
You die...

...P♣.♣# #.#.#....#
._...P♣ #.#.######
...P♣.♣# #...# ..P♣♣..#
##..# ♣.♣♣PP.# #..##
.P...~~#####...#
♣♣♣..~~##....#.##
..........###...########
#.###..##.##....h..#...##
#.# ##..#......z........##
..#####..................#
.........................#
.########.##.............#
.# ####..##........<...##
.# #....##...b...>#...##
.# #.#####.......###### ##
#.## #.......#


You could see a wight.

Vanquished Creatures
  Pikel (D:4)
  Grinder (D:5)
  Sigmund (D:5)
  Duvessa (D:5)
  A phantom (D:4)
  Blork the orc (D:4)
  2 scorpions (D:4)
  Dowan (D:5)
  A howler monkey (D:5)
  3 hounds
  5 iguanas
  An orc priest (D:5)
  Natasha (twice) (D:3)
  An orc wizard (D:4)
  7 adders
  An ufetubus (D:5)
  3 worms
  A dart slug (D:4)
  15 orcs
  7 endoplasms
  5 giant cockroaches
  4 goblins
  3 hobgoblins
  4 jackals
  4 kobolds
  5 quokkas
  10 ball pythons
  7 bats
  5 frilled lizards
  4 rats
107 creatures vanquished.

Vanquished Creatures (others)
  An orc (D:6)
1 creature vanquished.

Grand Total: 108 creatures vanquished

Notes
Turn   | Place    | Note
-------+----------+-------------------------------------------
     0 | D:1      | Morbidden the Vine Stalker Brigand began the quest for the
                  | Orb.
     0 | D:1      | Reached XP level 1. HP: 11/11 MP: 2/2
    25 | D:1      | Reached skill level 5 in Stealth
   110 | D:1      | Reached skill level 1 in Dodging
   149 | D:1      | Reached XP level 2. HP: 15/15 MP: 3/3
   475 | D:2      | Reached XP level 3. HP: 5/18 MP: 1/5
   565 | D:2      | Reached skill level 1 in Spellcasting
   698 | D:2      | Reached skill level 1 in Long Blades
   698 | D:2      | Gained mutation: Your natural rate of healing is unusually
                  | fast. [Vine Stalker growth]
   698 | D:2      | Reached XP level 4. HP: 5/23 MP: 2/6
  1091 | D:2      | Found Zekkaoloeg's General Store.
  1306 | D:3      | Noticed Natasha
  1314 | D:3      | Killed Natasha
  1315 | D:3      | Reached XP level 5. HP: 22/26 MP: 7/7
  1368 | D:3      | Reached skill level 1 in Armour
  1593 | D:3      | Reached skill level 1 in Shapeshifting
  1637 | D:3      | Found a glowing silver altar of Zin.
  1660 | D:3      | Found Setsace's Distillery.
  1744 | D:3      | Noticed Natasha
  1856 | D:3      | Killed Natasha
  2081 | D:4      | Noticed a phantom
  2088 | D:4      | Reached XP level 6. HP: 30/31 MP: 9/9
  2160 | D:4      | Got the Guide on Corpses
  2317 | D:4      | Noticed Blork the orc
  2325 | D:4      | Killed Blork the orc
  2326 | D:4      | Reached skill level 6 in Stealth
  2326 | D:4      | Reached XP level 7. HP: 25/35 MP: 11/11
  2371 | D:4      | Found an iron altar of Okawaru.
  2371 | D:4      | Noticed Pikel
  2385 | D:4      | Killed Pikel
  2386 | D:4      | Gained mutation: You have razor-sharp teeth. [Vine Stalker
                  | growth]
  2386 | D:4      | Reached XP level 8. HP: 36/40 MP: 8/13
  2823 | D:5      | Entered Level 5 of the Dungeon
  2844 | D:5      | Noticed Grinder
  2872 | D:5      | Killed Grinder
  2922 | D:5      | Found a white marble altar of Elyvilon.
  3036 | D:5      | Noticed Dowan
  3037 | D:5      | Noticed Duvessa
  3042 | D:5      | Noticed Sigmund
  3072 | D:5      | Killed Duvessa
  3115 | D:5      | Killed Sigmund
  3116 | D:5      | Reached XP level 9. HP: 25/45 MP: 5/15
  3124 | D:5      | Killed Dowan
  3312 | D:5      | Found Xiufe's Armour Emporium.
  3528 | D:6      | Noticed Eustachio
  3537 | D:5      | Slain by a wight

Illustrated notes

Levels and vault maps discovered:
D:1:      mrwooster_arrival_arrow, layout_rooms
D:2:      wander_river, layout_rooms, serial_shops,
          nicolae_shop_just_a_little_nook, serial_forest,
          infiniplex_forest_lined_room_, infiniplex_forest_end_3,
          infiniplex_forest_lined_3, infiniplex_forest_lined_3,
          infiniplex_forest_side_room, infiniplex_forest_straight_4,
          infiniplex_forest_straight_4, infiniplex_forest_clump_diagonal,
          infiniplex_forest_lined_2, infiniplex_forest_straight_2,
          minmay_3d_cube
D:3:      layout_basic, mainiacjoe_overflow_catwalk, serial_shops, shop,
          minmay_misc_feat_hallway, minmay_shallow_snake_nest, uniq_natasha
D:4:      layout_loops_ring, mainiacjoe_overflow_alcove_1, uniq_pikel,
          uniq_blork_the_orc
D:5:      layout_rooms, nicolae_elyvilon_peaceful_grove, serial_shops,
          nicolae_shop_scrapyard, uniq_duvessa, uniq_sigmund, uniq_grinder
D:6:      minmay_thick_lines, layout_rooms, minmay_temple_entry_mini_moons,
          serial_bayou, serial_bayou_shore_a, serial_bayou_pond_b,
          serial_bayou_lagoon_a, serial_bayou_crossing, serial_bayou_pond_e,
          nicolae_shop_i_like_small_books_too, dk_vineyard_2,
          roderic_st_hans_cross, uniq_eustachio, uniq_maggie, uniq_jeremiah

Skill      XL: |  1  2  3  4  5  6  7  8 |
---------------+-------------------------+-----
Stealth        | 5 6 |  6.5
Dodging        | 1 2 3 |  3.3
Fighting       | 2 3 4 |  4.1
Spellcasting   | 1 2 3 |  3.6
Long Blades    | 1 2 3 |  3.3
Short Blades   | 2 3 |  3.6
Armour         | 1 2 |  2.8
Shapeshifting  | 1 2 3 |  3.0
Throwing       | 2 |  2.9

Action                     |  1- 3 |  4- 6 |  7- 9 || total
---------------------------+-------+-------+-------++-------
  Melee: Dagger            |    74 |    78 |       ||   152
         Bite              |    20 |    39 |    43 ||   102
         Punch             |     1 |     1 |     2 ||     4
         Short sword       |       |    61 |   118 ||   179
  Throw: Dart              |       |    15 |     9 ||    24
         Boomerang         |       |       |    21 ||    21
  Evoke: Wand              |       |       |     1 ||     1
    Use: Potion            |     1 |       |     1 ||     2
   Stab: Sleeping          |     6 |     8 |     2 ||    16
         Distracted        |       |     1 |       ||     1
 Armour: Robe              |    20 |    18 |     4 ||    42
  Dodge: Dodged            |    51 |    85 |    53 ||   189
   Form: Beast             |     1 |       |       ||     1

Table legend: (Time is in decaauts)
 A = Elapsed time spent in this place.
 B = Non-inter-level travel time spent in this place.
 C = Inter-level travel time spent in this place.
 D = Time resting spent in this place.
 E = Time spent auto-exploring this place.
 F = Levels seen in this place.
 G = Mean time per level.
                   A        B        C        D        E       F      G
               +--------+--------+--------+--------+--------+-----+--------+
         Total |   3491 |   3337 |    154 |    214 |   2278 |   6 |  581.8 |
       Dungeon |   3491 |   3337 |    154 |    214 |   2278 |   6 |  581.8 |
               +--------+--------+--------+--------+--------+-----+--------+

Top non-repeatable levels by time:
     D:3: 839 daAuts
     D:2: 819 daAuts
     D:4: 761 daAuts
     D:5: 692 daAuts
     D:1: 374 daAuts
     D:6: 5 daAuts
